Cogmind - Beta 13 @@@ ROGUE MODE // 2024.04.05 @ 06:06:46 Player: XELQUA Result: Destroyed by YI-UF0 with YI-UF0's Doublenader Performance ------------- Evolutions (1) 500 Regions Visited (3) 600 Robots Destroyed (25) 125 Value Destroyed (704) 704 Prototype IDs (1) 20 Alien Tech Used (0) 0 Bonus (0) 0 TOTAL SCORE: 1949 Bonus ------- None Cogmind --------- Core Integrity 0/400 Matter 272/300 Energy 99/100 System Corruption 2% Temperature Cool (0) Movement Core (300) Ox5 Location -9/Mines Parts ------- > --- POWER (1) -------- Faulty Cooled Ion Engine > --- PROPULSION (3) --- (None) > --- UTILITY (2) ------ Medium Storage Unit Targeting Computer > --- WEAPON (3) ------- (None) > --- INVENTORY (10) --- Heat Sink Sensor Array Salvage Targeting Computer Medium Armor Plating Peak State ------------ > --- POWER ------------ Light Nuclear Core > --- PROPULSION ------- Aluminum Leg Aluminum Leg Aluminum Leg > --- UTILITY ---------- Medium Storage Unit Targeting Computer > --- WEAPON ----------- Small Laser Beam Rifle Assault Rifle > --- INVENTORY -------- Improved Ion Engine Cooled Ion Engine Aluminum Leg Heat Sink Sensor Array Salvage Targeting Computer Medium Armor Plating Heavy Assault Rifle Heavy Assault Rifle [Rating: 13] Favorites ----------- Power Ion Engine Engine Ion Engine Power Core Light Nuclear Core Propulsion Light Treads Treads Light Treads Leg Aluminum Leg Utility Medium Storage Unit Device Terrain Scanner Storage Medium Storage Unit Processor Targeting Computer Weapon Small Laser Energy Gun Small Laser Ballistic Gun Assault Rifle Build | -11 -10 -9 -9 ------- Run | Yrd Mat Mat Min Slots Evolved 2 | . . 2 . Power . | . . . . Propulsion 1 | . . 1 . Utility . | . . . . Weapon 1 | . . 1 . Parts Attached 26 | 5 6 9 6 Power 4 | 1 . 1 2 Engine 3 | 1 . . 2 Core 1 | . . 1 . Reactor . | . . . . Propulsion 10 | 2 3 4 1 Treads 3 | 1 2 . . Leg 7 | 1 1 4 1 Wheel . | . . . . Hover . | . . . . Flight . | . . . . Utility 4 | . 3 1 . Device 1 | . 1 . . Storage 2 | . 2 . . Processor 1 | . . 1 . Hackware . | . . . . Protection . | . . . . Artifact . | . . . . Weapon 8 | 2 . 3 3 Energy Gun 4 | 1 . 2 1 Energy Cannon . | . . . . Ballistic Gun 4 | 1 . 1 2 Ballistic Cannon . | . . . . Launcher . | . . . . Special Weapon . | . . . . Impact Weapon . | . . . . Slashing Weapon . | . . . . Piercing Weapon . | . . . . Special Melee Weapon . | . . . . Unidentified Prototypes 1 | . . . 1 Parts Lost 12 | . . . 12 Power 2 | . . . 2 Propulsion 4 | . . . 4 Utility . | . . . . Weapon 6 | . . . 6 Highest Loss Streak 12 | . . . 12 To Critical Strikes . | . . . . Average Slot Usage (%) 96 | . 94 99 96 Engine 9 | . 14 9 1 Core 2 | . . 1 9 Treads 16 | . 28 17 . Leg 13 | . . 15 30 Device 3 | . 8 1 . Storage 12 | . 14 11 11 Processor 6 | . . 9 11 Energy Gun 18 | . 14 21 21 Ballistic Gun 11 | . 14 11 10 Naked Turns . | . . . . Heaviest Build 21 | 8 19 21 21 Greatest Support 40 | 10 40 30 30 Greatest Overweight (x) 6 | . . 1 6 Average Overweight (x) . | . . . . Largest Inventory Capacity 10 | 5 10 10 10 Average Capacity 9 | 5 8 10 10 Most Carried 10 | 5 8 10 10 Average Carried 7 | 3 5 9 9 Final Capacity 10 | 5 10 10 10 Final Carried 10 | 5 8 10 4 Class Distribution -------------------- 39% | Mutant 29% | Gunner 25% | Scavenger-Gunner 5% | Skirmisher Dominant Class ---------------- Mutant | -10/Materials Gunner | -9/Materials Scavenger-Gunner | -9/Mines Resources | -11 -10 -9 -9 ----------- Run | Yrd Mat Mat Min Matter Collected 568 | 243 145 134 46 Remotely . | . . . . Salvage Created 857 | . 333 403 121 Parts 51 | . 15 26 10 Haulers Intercepted . | . . . . Recyclers Shooed . | . . . . Parts Field Recycled . | . . . . Retrieved Matter . | . . . . Parts Self-Destructed . | . . . . Prevented . | . . . . Kills | -11 -10 -9 -9 ------- Run | Yrd Mat Mat Min Combat Hostiles Destroyed 23 | . 7 8 8 Guns 23 | . 7 8 8 Classes Destroyed 4 | . 2 1 1 Watcher 2 | . 1 1 . Swarmer 8 | . . . 8 Grunt 12 | . 7 5 . Sentry 3 | . . 3 . Best Kill Streak 5 | . 5 3 4 Combat Bots Only 4 | . 3 3 4 Max Kills in Single Turn 2 | . 1 1 2 Gunslinging 1 | . . . 1 Exploded . | . . . . Melee . | . . . . Uniques/NPCs Destroyed . | . . . . Combat | -11 -10 -9 -9 -------- Run | Yrd Mat Mat Min Hostile Shots Fired 126 | . 35 21 70 Missed 38 | . 12 6 20 Damage Taken 1882 | . 287 172 1423 Core 453 | . 51 15 387 Absorbed by Shields . | . . . . Core Remaining (%) 89 | 100 79 . . Volleys Fired 66 | . 26 18 22 Largest 3 | . 2 3 3 Hottest 116 | . 60 100 116 Shots Fired 168 | . 52 54 62 Gun 168 | . 52 54 62 Cannon . | . . . . Launcher . | . . . . Special . | . . . . Kinetic 65 | . 26 18 21 Thermal 103 | . 26 36 41 Explosive . | . . . . Electromagnetic . | . . . . Robot Hit Streak 10 | . 8 10 7 Robot Miss Streak 8 | . 8 3 3 Penetration Max . | . . . . Secondary Targets 2 | . . . 2 Max Gunslinging Chain 1 | . . . 1 Shots Hit Robots 103 | . 31 39 33 Core Hits 44 | . 17 17 10 Critical Kills . | . . . . Critical Parts Destroyed . | . . . . Critical Strikes . | . . . . Melee Attacks . | . . . . Impact . | . . . . Slashing . | . . . . Piercing . | . . . . Sneak Attacks . | . . . . Combat Hostiles . | . . . . Follow-up Attacks . | . . . . Damage Inflicted 1227 | . 383 448 396 Guns 1227 | . 383 448 396 Cannons . | . . . . Explosions . | . . . . Melee . | . . . . Ramming . | . . . . Kinetic 433 | . 215 131 87 Thermal 794 | . 168 317 309 Explosive . | . . . . Electromagnetic . | . . . . Impact . | . . . . Slashing . | . . . . Piercing . | . . . . Highest Corruption 2 | . . . 2 Average Corruption 2 | . . . 2 Corruption Purged . | . . . . Corruption Blocked . | . . . . Effects 1 | . . . 1 Energy Discharges 1 | . . . 1 Overload Shots . | . . . . Overflow Damage . | . . . . Projectiles . | . . . . Explosions . | . . . . Melee . | . . . . Knockbacks . | . . . . Impact . | . . . . Kinetic . | . . . . Secondary . | . . . . Self-Inflicted Damage . | . . . . Shots . | . . . . Rammed . | . . . . Targets Rammed . | . . . . Kicked . | . . . . Crushed . | . . . . Highest Temperature 234 | . 75 170 234 Average Temperature 61 | . 27 61 81 Received Heat Transfer 249 | . 159 90 . Siege Activations . | . . . . Robots Corrupted . | . . . . Combat Hostiles . | . . . . Parts Fried . | . . . . Impact Corruptions . | . . . . Robots Melted . | . . . . Combat Hostiles . | . . . . Parts Melted 3 | . . 1 2 Heat Transferred 1846 | . 375 725 746 Parts Sabotaged . | . . . . Parts Stolen . | . . . . Parts Stripped . | . . . . Power Chain Reactions . | . . . . Alert | -11 -10 -9 -9 ------- Run | Yrd Mat Mat Min Peak Influence 280 | . 193 199 280 Initial 81 | . . 81 70 Average 107 | . 39 134 183 Maximum Alert Level 1 | . . . 1 Low Security (%) 91 | 100 100 100 63 Level 1 8 | . . . 36 Level 2 . | . . . . Level 3 . | . . . . Level 4 . | . . . . Level 5 . | . . . . High Security . | . . . . Max Security . | . . . . Squads Dispatched 7 | . 4 3 . Investigation 5 | . 3 2 . Extermination . | . . . . Reinforcement 2 | . 1 1 . Assault . | . . . . Garrison . | . . . . Intercept . | . . . . Searches Triggered . | . . . . Construction Impeded . | . . . . Haulers Reinforced . | . . . . Active Scanning Responses . | . . . . Cargo Convoy Interrupts . | . . . . Stealth | -11 -10 -9 -9 --------- Run | Yrd Mat Mat Min Distress Signals 4 | . 3 1 . Communications Jammed . | . . . . Distress Signals . | . . . . Times Spotted 32 | . 11 11 10 Peak Tracking Total 4 | . 3 3 4 Tactical Retreats 2 | . 1 . 1 Traps | -11 -10 -9 -9 ------- Run | Yrd Mat Mat Min Traps Triggered 1 | . . 1 . Indirectly . | . . . . Trap Hack Attempts . | . . . . Triggered . | . . . . Disarmed . | . . . . Reprogrammed . | . . . . Reused . | . . . . Traps Extracted . | . . . . Installed . | . . . . Triggered . | . . . . Machines | -11 -10 -9 -9 ---------- Run | Yrd Mat Mat Min Machines Disabled 1 | . . . 1 Max in Single Turn 1 | . . . 1 Machines Repaired . | . . . . Machines Dismantled . | . . . . Machines Sabotaged . | . . . . Overloaded Fab Kills . | . . . . Hacking | -11 -10 -9 -9 --------- Run | Yrd Mat Mat Min Machines Accessed 6 | . 3 3 . Terminals 5 | . 3 2 . Fabricators . | . . . . Repair Stations . | . . . . Recycling Units . | . . . . Scanalyzers 1 | . . 1 . Garrison Access . | . . . . Total Hacks 23 | . 13 10 . Successful 12 | . 6 6 . Failed 11 | . 7 4 . Catastrophic 4 | . 2 2 . Database Lockouts . | . . . . Manual 7 | . 3 4 . Terminals 19 | . 13 6 . Fabricators . | . . . . Repair Stations . | . . . . Recycling Units . | . . . . Scanalyzers 4 | . . 4 . Garrison Access . | . . . . Terminal Hacks 8 | . 6 2 . Record 1 | . . 1 . Branch Access Points 1 | . 1 . . Alert Level 2 | . 1 1 . Locate Traps 1 | . 1 . . Hauler Manifests 1 | . 1 . . Zone Layout 2 | . 2 . . Fabricator Hacks . | . . . . Repair Station Hacks . | . . . . Recycling Unit Hacks . | . . . . Scanalyzer 4 | . . 4 . Insert Component 2 | . . 2 . Analyze 2 | . . 2 . Garrison Access Hacks . | . . . . Unauthorized Hacks . | . . . . Terminals . | . . . . Fabricators . | . . . . Repair Stations . | . . . . Recycling Units . | . . . . Scanalyzers . | . . . . Garrison Access . | . . . . Data Cores Recovered . | . . . . Used . | . . . . Hacking Detections 6 | . 3 3 . Full Trace Events 5 | . 3 2 . Feedback Events . | . . . . Feedback Blocked . | . . . . Robot Schematics Acquired . | . . . . Robots Built . | . . . . Authchips . | . . . . Time . | . . . . Total Robot Build Rating . | . . . . Part Schematics Acquired 2 | . . 2 . Parts Built . | . . . . Authchips . | . . . . Time . | . . . . Total Part Build Rating . | . . . . Parts Repaired . | . . . . Time . | . . . . Parts Recycled . | . . . . Recycled Matter . | . . . . Retrieved Matter . | . . . . Retrieved Components . | . . . . Parts Scanalyzed 2 | . . 2 . Part Schematics Acquired 2 | . . 2 . Parts Damaged 1 | . . 1 . Bothacking | -11 -10 -9 -9 ------------ Run | Yrd Mat Mat Min Used RIF Installer . | . . . . Robots Hacked . | . . . . Non-combat . | . . . . Combat . | . . . . Robot Hacks Applied . | . . . . Relay Couplers Released . | . . . . Fabnet Peak Effective % . | . . . . Robots Rewired . | . . . . Allies Hacked . | . . . . Hacks Repelled . | . . . . Allies | -11 -10 -9 -9 -------- Run | Yrd Mat Mat Min Total Allies . | . . . . Largest Group . | . . . . Highest-Rated Group . | . . . . Highest-Rated Ally . | . . . . Total Orders . | . . . . Ally Attacks . | . . . . Total Damage . | . . . . Kills . | . . . . Allies Corrupted . | . . . . Allies Melted . | . . . . Intel | -11 -10 -9 -9 ------- Run | Yrd Mat Mat Min Robot Analysis Total . | . . . . Derelict Logs Recovered . | . . . . Drone Launches . | . . . . Drone Recoveries . | . . . . Exploration | -11 -10 -9 -9 ------------- Run | Yrd Mat Mat Min Turns Passed 1624 | 64 574 601 385 Spaces Moved 823 | 51 283 266 223 Core 20 | 16 . . 4 Treads 283 | . 283 . . Legs 520 | 35 . 266 219 Wheels . | . . . . Hover . | . . . . Flight . | . . . . Fastest Speed 50 | 50 160 120 120 Average Speed 150 | 98 160 173 123 Slowest Speed 350 | 120 160 190 350 Overloaded Moves . | . . . . Propulsion Burnouts . | . . . . Robots Hopped . | . . . . Cave-ins Triggered . | . . . . Exploration Rate (%) 31 | 4 47 21 55 Regions Visited 3 Branch Regions 1 Pre-discovered Areas . | . . . . Known Exits Taken . | . . . . Unknown Exits Taken 3 | 1 1 1 . Scrap Searched 1 | . . . 1 Spaces Dug . | . . . . Terrain Destroyed . | . . . . Melee . | . . . . Projectile . | . . . . AOE . | . . . . Terrain Rammed . | . . . . Walls Destroyed . | . . . . Machines Disabled . | . . . . Actions | -11 -10 -9 -9 --------- Run | Yrd Mat Mat Min Total 1067 | 65 351 367 284 Wait 110 | . 28 49 33 Move 820 | 50 282 265 223 Hop . | . . . . Pick Up 32 | 10 7 15 . Fast Attach . | . . . . Attach 17 | 5 2 4 6 Detach . | . . . . Swap 9 | . 4 5 . Drop 13 | . 2 11 . Fire 66 | . 26 18 22 Melee . | . . . . Ram . | . . . . Kick . | . . . . Crush . | . . . . Escape Stasis . | . . . . Rewire . | . . . . Trap . | . . . . Miscellaneous . | . . . . Route ------- -11/Scrapyard -10/Materials (discovered 2 exits: *Mat / Min) -9/Materials -9/Mines History --------- Turn | Location | Event 13 | -11/Scrapyard | Discovered new exit (range 15) 65 | -11/Scrapyard | Entered Materials 125 | -10/Materials | Discovered new exit (range 8) 312 | -10/Materials | Build established: Mutant 457 | -10/Materials | Discovered new exit (range 3) 527 | -10/Materials | Identified exit to Mines 639 | -10/Materials | Entered another Materials area 639 | -9/Materials | Evolved 2 slots: Propulsion x1, Weapon x1 725 | -9/Materials | Discovered new exit (range 14) 1023 | -9/Materials | Build established: Gunner 1240 | -9/Materials | Entered Mines 1470 | -9/Mines | Build established: Scavenger-Gunner 1612 | -9/Mines | Core integrity fell below 50% 1620 | -9/Mines | Core integrity fell below 20% 1625 | -9/Mines | Destroyed by YI-UF0 with YI-UF0's Doublenader Last Messages --------------- 01608_ U-05 Engineer lays Concrete. 01609_ The unstable cave ceiling collapses. 01609_ U-05 Engineer lays Concrete. 01610_ The unstable cave ceiling collapses. 01612_ U-05 Engineer lays Concrete. 01613_ The unstable cave ceiling collapses. 01613_ U-05 Engineer lays Concrete. 01615_ The unstable cave ceiling collapses. 01615_ U-05 Engineer lays Concrete. 01615_ Sml. Laser destroyed. 01616_ U-05 Engineer lays Concrete. 01617_ System corrupted: Energy discharge (-24). 01617_ U-05 Engineer builds a Wall. 01619_ The unstable cave ceiling collapses. 01619_ Sml. Laser destroyed. 01620_ YI-UF0 mumbles something. 01620_ The unstable cave ceiling collapses. 01621_ U-05 Engineer builds a Wall. 01622_ YI-UF0 mumbles something. 01623_ The unstable cave ceiling collapses. Map ----- +----------------------------------------------------+ | ?????????????????????????????????????????? | | ?????????????????????????????????????????? | | ?????????????????????????????????????????? | | ?????????????????????????????????????????? | | ?????????????????????????????????????????? | | ?????????????????????????????????????????? | | ?????????????????????????????????????????? | | ?????????????????????????????????????????? | | ?????????????????????? ??????????????? | | ?????????????????????? | ????????????? | | ?????????????????????? % #?????????? | | ?????????????????????? % #????????? | | ?????????????????????? *= #????????? | | ?????????????????????? %% ?????????? | | ?????????????????????? #u #?????????? | | ?????????????????????## # #?????????? | | ?????????????????????# = #??????????? | | ????????????????????# g #??????????? | | ???????????????##### #??????????? | | ???????????????# * ##?######### | | ??????????????## # #?# | | ?????????????## ###?# | | ????????????## #?# """ "" | | ????????????# # #??# """ "" | | ???????????## #??# """ "" | | ???????????# @ #??# "%" | | ????# # #??# """ "" | | ????# """ ##??# """ "" | | ????## """ #### #???# """ "" | | ????????? """ # ##?## #???# | | ????????? ##???# #???# | | ?????????## # # #????# #???# | | ??????????### ##### ##????# #???######### | | ????????????#??????##?????# #???????????? | | ??????????????????????????# #???????????? | | ??????????????????????????#[%#???????????? | | ??????????????????????????#%=#???????????? | | ??????????????????????????# =#########??## | | ??????????????????????????# #?## | | ??????????????????????????########## #?# | | ???????????????????????????????????# ### | | ?????????????????????????????????### ## | | ?????????????????????????????????# | | ????????????????????????????????# | | ???????????????????????????????# | | ???????????????????????????? | | ????????????????????????? # | | ?????????????????????????######## ## | | ????????????????????????????????#### ##? | | ???????????????????????????????????#####?? | +----------------------------------------------------+ Best States ------------- Heat Dissipation 28 Energy Generation 14 Energy Capacity 265 Matter Stores 300 Matter Capacity 300 Sight Range 16 Terrain Scan Range 14 Terrain Scan Density 10 Evasion (%) 55 Targeting Accuracy 5 Recoil Reduction 2 Item Schematics ----------------- Lgt. Nuclear Core | -9/Materials | Scanalyzed Mining Claw | -9/Materials | Scanalyzed Robot Schematics ------------------ None Fabricated ------------ Nothing Alien Tech Used ----------------- None Achievements -------------- None Challenges ------------ None Game ------ Seed LightningReinforcedMultirail Manual? 0 Play Time 00:18:41 Cumulative 8.9 hours Start 2024.04.05 @ 05:44:31 End 2024.04.05 @ 06:06:46 Sessions 1 Manual Loads 0 Difficulty Rogue Special Mode None Game No. 12 Rogue 12 Adventurer 0 Explorer 0 Win Type - Total 0 Types 0/0/0/0/0/0/0/0/0 Lore% 7 Gallery% 14 Achievement% 10 Wizard Run 0 Options --------- Layout 1 ASCII 0 Keyboard 0 Movement Mouse Keybinds 0 Fullscreen 1 Font 48/Smallcaps Map View 50x35 Zoom Use 0% Tactical HUD 1 Map Filters NONE Filters NONE Steam 1 RUN: 183d6ce3-4ee4-4659-b9c3-62c4783fda51